 Dungeon Crawl Stone Soup version 0.29-a0-352-g0917bc69df (webtiles) character file.

Game seed: 16046127592168495125

137 Flugkiller the Ducker (level 5, -1/36 HPs)
             Began as an Octopode Cinder Acolyte on Apr 24, 2022.
             Was a High Priest of Ignis.
             Slain by a sky beast (6 damage)
             ... on level 3 of the Dungeon.
             The game lasted 00:02:25 (2462 turns).

Flugkiller the Ducker (Octopode Cinder Acolyte)     Turns: 2462, Time: 00:02:25

Health: -1/36      AC:  1    Str: 13    XL:     5   Next: 20%
Magic:  1/6        EV: 14    Int: 17    God:    Ignis [*****.]
Gold:   120        SH:  0    Dex:  9    Spells: 4/6 levels left

rFire   + . .      SeeInvis .   a - -1 spear (flame)
rCold   + . .      Faith    .   (no shield)
rNeg    . . .      Spirit   .   (helmet restricted)
rPois   .          Reflect  .   (no amulet)
rElec   .          Harm     .   p - ring of protection from cold
rCorr   .          Rampage  .   (no ring)
Will    .....                   (no ring)
Stlth   ++........              (no ring)
HPRegen 0.12/turn               (no ring)
MPRegen 0.10/turn               (no ring)
                                (no ring)
                                (no ring)

@: about to teleport, weak-willed
A: almost no armour, amphibious, 8 rings, camouflage 1, gelatinous body 1,
(nimble swimmer 1), tentacles
a: Renounce Religion, Fiery Armour, Foxfire Swarm, Rising Flame


You were on level 3 of the Dungeon.
You worshipped Ignis.
Ignis was extremely pleased with you.
You visited 1 branch of the dungeon, and saw 3 of its levels.

You collected 120 gold pieces.

Inventory:

Hand Weapons
 a - a -1 spear of flaming (weapon)
 d - a +0 war axe
   (You found it on level 1 of the Dungeon)
 e - a +0 trident
   (You took it off an orc on level 3 of the Dungeon)
 m - a +2 flail of protection
   (You took it off an orc on level 2 of the Dungeon)
 o - a +0 halberd
   (You took it off a gnoll on level 2 of the Dungeon)
Jewellery
 p - a ring of protection from cold (left tentacle)
   (You found it on level 2 of the Dungeon)
Scrolls
 g - a scroll of vulnerability
 h - a scroll of amnesia {unknown}
 i - 2 scrolls of fog {unknown}
 k - a scroll of immolation {unknown}
 n - a scroll of torment {unknown}
 t - 3 scrolls of teleportation
Potions
 b - a potion of attraction {unknown}
 c - a potion of flight {unknown}
 f - 2 potions of haste {unknown}
 l - a potion of ambrosia {unknown}
 q - 3 potions of curing


   Skills:
 - Level 3.0 Fighting
 - Level 3.0 Polearms
 + Level 4.7 Dodging
 - Level 1.0 Spellcasting
 - Level 3.0 Fire Magic


You had 4 spell levels left.
You knew the following spells:

 Your Spells              Type           Power      Damage    Failure   Level
a - Scorch                Fire           22%        2d6       10%         2

Your spell library contained the following spells:

 Spells                   Type           Power      Damage    Failure   Level


Dungeon Overview and Level Annotations

Branches:
Dungeon (3/15)

Altars:


Innate Abilities, Weirdness & Mutations

You cannot wear most types of armour.
You are amphibious.
You can wear up to eight rings at the same time.
Your skin changes colour to match your surroundings (Stealth+).
Your rubbery body absorbs attacks. (AC +1, EV +1)
((You are camouflaged when in or above water. (Stealth+)))
You have tentacles for arms and can constrict up to eight enemies at once.


Message History

You kill the adder!
No target in view!
No target in view!
You see here an adder corpse.
Found an escape hatch in the ceiling.
Found a stone staircase leading up.
You now have 120 gold pieces (gained 9).
A frilled lizard comes into view.
The frilled lizard hisses angrily.
You reach to attack!
You hit the frilled lizard. You burn the frilled lizard.
You kill the frilled lizard!
Found a stone staircase leading down.
No target in view!
No target in view!
There is an escape hatch in the ceiling here.
There is a stone staircase leading down here.
A hobgoblin comes into view.
The hobgoblin shouts!
You see here a scroll labelled ROFAIRIREA.
A hobgoblin is nearby!
A hobgoblin is nearby!
A hobgoblin is nearby!
A sky beast comes into view.
You reach to attack!
You hit the hobgoblin. You burn the hobgoblin.
The hobgoblin is almost dead.
A goblin comes into view. It is wielding a +0 club.
The goblin shouts!
You hit the hobgoblin. You burn the hobgoblin.
You kill the hobgoblin!
You hit the sky beast but do no damage.
An endoplasm comes into view.
The sky beast hits you. The sky beast shocks you.
The endoplasm quivers.
You hit the sky beast but do no damage. The sky beast hits you.
The sky beast shocks you.
You are too injured to fight recklessly!
There are monsters nearby!
Okay, then.
It was a potion of curing.
You feel better.
q - 5 potions of curing;
e - a +0 trident The sky beast misses you.
Unknown command.
Unknown command.
Casting: Scorch (safe; 10% risk of failure)
Confirm with . or Enter, or press ? or * to list all spells.
Flames lash the goblin.
You kill the goblin!
The sky beast barely misses you.
Casting: Scorch (safe; 10% risk of failure)
Confirm with . or Enter, or press ? or * to list all spells.
Flames lash the sky beast.
The sky beast is lightly wounded.
The sky beast's fire resistance burns away.
The sky beast closely misses you.
Casting: Scorch (safe; 10% risk of failure)
Confirm with . or Enter, or press ? or * to list all spells.
Flames lash the endoplasm.
You kill the endoplasm!
The sky beast barely misses you.
You closely miss the sky beast.
The sky beast is lightly wounded.
The sky beast hits you. The sky beast shocks you.
You hit the sky beast. You burn the sky beast.
The sky beast is moderately wounded.
The sky beast is no longer more vulnerable to fire.
The sky beast hits you. The sky beast shocks you.
Casting: Scorch (safe; 10% risk of failure)
Confirm with . or Enter, or press ? or * to list all spells.
You don't have enough magic to cast this spell.
You feel better.
The sky beast flickers out of sight!
Deactivating autopickup; reactivate with Ctrl-A.
Something barely misses you.
As you read the scroll labelled BEECKA CUSU, it crumbles to dust.
Magic quickly surges around you.
It was a scroll of vulnerability.
Something hits you. Something shocks you.
Unknown command.
As you read the scroll labelled WASTEA ROONG, it crumbles to dust.
You feel strangely unstable.
It was a scroll of teleportation.
t - 3 scrolls of teleportation A sky beast appears from thin air!
Reactivating autopickup.
The sky beast hits you.
* * * LOW HITPOINT WARNING * * *
The sky beast shocks you.
* * * LOW HITPOINT WARNING * * *
Unknown command.
You feel better. The sky beast misses you.
Unknown command.
Unknown command.
You closely miss the sky beast. You squeeze the sky beast.
The sky beast is heavily wounded.
The sky beast hits you. The sky beast shocks you.
* * * LOW HITPOINT WARNING * * *
Unknown command.
You hit the sky beast but do no damage.
The sky beast is heavily wounded.
The sky beast hits you.
* * * LOW HITPOINT WARNING * * *
The sky beast shocks you.
You die...

.#.##.# #.#.# #.###.#
#.#.# #.###.########.#.#
..
.......<.....>...###...#
####..########.#?.......
#.## ...#.####.## #.#
#.####.# #.# # #.# #.#
#@# #.# #Y# #.# #)# #.#
... ... ..... .###. #.
.#


You could see a sky beast (weak-willed).

Vanquished Creatures
  Terence (D:2)
  An adder (D:3)
  5 gnolls
  A worm (D:2)
  7 orcs
  3 endoplasms
  2 giant cockroaches
  4 hobgoblins
  2 kobolds
  A quokka (D:1)
  5 ball pythons
  4 bats
  2 frilled lizards
  5 goblins
  3 rats
46 creatures vanquished.

Vanquished Creatures (others)
  3 plants (D:2)
3 creatures vanquished.

Grand Total: 49 creatures vanquished

Notes
Turn   | Place    | Note
-------+----------+-------------------------------------------
     0 | D:1      | Flugkiller the Octopode Cinder Acolyte began the quest for
                  | the Orb.
     0 | D:1      | Reached XP level 1. HP: 16/16 MP: 2/2
    70 | D:1      | Reached skill level 1 in Dodging
   162 | D:1      | Reached XP level 2. HP: 21/21 MP: 3/3
   236 | D:1      | Learned a level 2 spell: Scorch
   295 | D:1      | Reached skill level 2 in Dodging
   494 | D:1      | Reached XP level 3. HP: 26/26 MP: 4/4
   634 | D:1      | Found a faded altar of an unknown god.
  1127 | D:2      | Reached skill level 3 in Dodging
  1187 | D:2      | Noticed Terence
  1473 | D:2      | Killed Terence
  1474 | D:2      | Reached XP level 4. HP: 17/31 MP: 0/5
  1748 | D:2      | Reached skill level 4 in Dodging
  1945 | D:3      | Reached XP level 5. HP: 22/36 MP: 6/6
  2444 | D:3      | Noticed a sky beast
  2462 | D:3      | Slain by a sky beast

Illustrated notes

Levels and vault maps discovered:
D:1:      matt_arrival_diagonals, layout_basic,
          dreamdust_ecumenical_altar_statues
D:2:      layout_rooms, nicolae_grassy_gnolls, uniq_terence
D:3:      layout_loops_ring

Skill      XL: |  1  2  3  4 |
---------------+-------------+-----
Dodging        | 1 2 3 4 |  4.7
Fighting       | |  3.0
Polearms       | |  3.0
Spellcasting   | |  1.0
Fire Magic     | |  3.0

Action                   |  1- 3 |  4- 6 || total
-------------------------+-------+-------++-------
Melee: Spear             |    72 |    30 ||   102
       Constrict         |    10 |     7 ||    17
       Tentacles         |     8 |     7 ||    15
       Halberd           |       |     4 ||     4
 Cast: Scorch            |     6 |    11 ||    17
  Use: Potion            |       |     3 ||     3
       Scroll            |       |     2 ||     2
 Stab: Sleeping          |     6 |       ||     6
Armor: Skin              |     1 |       ||     1
Dodge: Dodged            |    29 |    19 ||    48

Table legend: (Time is in decaauts)
 A = Elapsed time spent in this place.
 B = Non-inter-level travel time spent in this place.
 C = Inter-level travel time spent in this place.
 D = Time resting spent in this place.
 E = Time spent auto-exploring this place.
 F = Levels seen in this place.
 G = Mean time per level.
                   A        B        C        D        E       F      G
               +--------+--------+--------+--------+--------+-----+--------+
         Total |   2461 |   2386 |     75 |    907 |   1079 |   3 |  820.3 |
       Dungeon |   2461 |   2386 |     75 |    907 |   1079 |   3 |  820.3 |
               +--------+--------+--------+--------+--------+-----+--------+

Top non-repeatable levels by time:
     D:1: 1303 daAuts
     D:2: 992 daAuts
     D:3: 166 daAuts
